 610 Aisha the Slasher (level 7, -1/93 HPs)
             Began as a Naga Fighter on Oct 3, 2019.
             Was a Follower of Okawaru.
             Slain by an ogre
             ... wielding a +0 giant club
              (6 damage)
             ... on level 5 of the Dungeon.
             The game lasted 00:06:06 (3824 turns).

Aisha the Slasher (Naga Fighter)                    Turns: 3824, Time: 00:06:08

Health: -1/93      AC: 23    Str: 17 (20) XL:     7   Next: 43%
Magic:  9/9        EV:  1    Int:  8 (9)  God:    Okawaru [*.....]
Gold:   190        SH:  9    Dex:  9 (10) Spells: 6/6 levels left

rFire    . . .     SeeInvis +   a - +0 long sword
rCold    . . .     Gourm    .   c - +0 shield
rNeg     + + +     Faith    .   (armour currently unavailable)
rPois    +         Spirit   .   (helmet currently unavailable)
rElec    .         Reflect  .   (cloak currently unavailable)
rCorr    .         Harm     .   (gloves currently unavailable)
MR       .....     NoTele   +   (no barding)
Stlth    +.........             (no amulet)
HPRegen  0.25/turn              (no ring)
MPRegen  0.11/turn              (no ring)

@: tree-form
A: large, see invisible, slow metabolism 1, spit poison 1, AC +2
a: Spit Poison, Heroism, Renounce Religion


Innate Abilities, Weirdness & Mutations

You cannot wear boots.
((Your serpentine skin is tough. (AC +2)))
You have supernaturally acute eyesight. (SInv)
((Armour fits poorly on your strangely shaped body.))
((Your system is resistant to poisons. (rPois)))
((You cover ground very slowly.))
You have a slow metabolism.
You can spit poison.


   Skills:
 - Level 3.0 Fighting
 * Level 6.2 Long Blades
 - Level 2.4 Armour
 + Level 4.2 Shields
 + Level 2.9 Invocations


You had 6 spell levels left.
You didn't know any spells.
Your spell library contained the following spells:

 Spells                   Type           Power        Failure   Level  Hunger
 Animate Skeleton         Necr           N/A          77%         1    ##.....
 Pain                     Necr           #...         77%         1    ##.....
 Regeneration             Chrm/Necr      #.........   98%         3    ####...
 Vampiric Draining        Necr           #.........   98%         3    ####...
 Animate Dead             Necr           N/A          100%        4    #####..

Inventory:

Hand Weapons
 a - a +0 long sword (weapon)
 x - the +7 trident of Jin Gabbuh {pierce, rPois rN+ Str-4 Int+5}
   (You found it on level 4 of the Dungeon)

   It inflicts extra damage upon your enemies.
   It affects your strength (-4).
   It affects your intelligence (+5).
   It protects you from poison.
   It protects you from negative energy.
Missiles
 t - 5 javelins (quivered)
 w - 8 curare-tipped needles {=f}
Armour
 b - a +0 scale mail (melded)
 c - a +0 shield (worn)
 i - a +0 helmet (melded)
 j - a +0 pair of gloves (melded)
Jewellery
 g - a cursed amulet of inaccuracy {unknown}
 k - a +3 ring of intelligence {unknown}
Scrolls
 e - a scroll of immolation {unknown}
 h - 4 scrolls of enchant weapon {unknown}
 l - a scroll of amnesia {unknown}
 m - 3 scrolls of teleportation {unknown}
 n - 4 scrolls of identify {unknown}
 r - a scroll of random uselessness {unknown}
 s - a scroll of remove curse {unknown}
 u - a scroll of blinking {unknown}
Potions
 d - a potion of might
 o - a potion of brilliance
 p - a potion of curing {unknown}
 q - 2 potions of degeneration {!q}
 v - a potion of mutation {unknown}
 z - a potion of heal wounds {unknown}
 A - a potion of agility
Comestibles
 f - 7 rations {@e1}


Message History

You feel slightly more hungry. The ogre hits you with a +0 giant club!
* * * LOW HITPOINT WARNING * * *
You aren't carrying any items that you can evoke without wielding.
Unknown command.
It was a potion of brilliance.
You feel clever all of a sudden. The ogre barely misses you.
It was a potion of agility.
You feel agile all of a sudden. You block the ogre's attack.
It was a potion of degeneration.
There was something very wrong with that liquid.
You feel weakened.
You feel dopey.
You feel clumsy.
It was a potion of cancellation.
Your magical effects are unravelling.
You feel magically purged.
You feel a little less clever now.
You feel a little less agile now. You block the ogre's attack.
It was a potion of flight.
You feel very buoyant.
You fly up into the air.
The ogre hits you with a +0 giant club!
* * * LOW HITPOINT WARNING * * *
It was a potion of lignification.
You turn into a tree.
Your +0 helmet melds into your body.
Your +0 pair of gloves melds into your body.
Your +0 scale mail melds into your body.
Your roots penetrate the ground.
You have got your breath back.
The ogre hits you with a +0 giant club.
You die...

Skill      XL: |  1  2  3  4  5  6  7 |
---------------+----------------------+-----
Long Blades    | 3 4 5 6 |  6.2
Shields        | 3 4 |  4.2
Invocations    | 1 2 |  2.9
Fighting       | |  3.0
Armour         | |  2.4

Action                   |  1- 3 |  4- 6 |  7- 9 || total
-------------------------+-------+-------+-------++-------
Melee: Long sword        |   108 |   127 |     2 ||   237
       Trident           |       |    40 |    28 ||    68
 Abil: Spit Poison       |     5 |    14 |     3 ||    22
  Use: Potion            |       |       |     6 ||     6
  Eat: Chunk             |       |     6 |       ||     6
       Ration            |       |     1 |       ||     1
Armor: Scale mail        |    73 |    81 |    13 ||   167
Dodge: Dodged            |    27 |    33 |     9 ||    69
Block: Shield            |    76 |    88 |    17 ||   181
       Rpst.: Long sword |     9 |     7 |       ||    16

Notes
Turn   | Place    | Note
-------+----------+-------------------------------------------
     0 | D:1      | Aisha the Naga Fighter began the quest for the Orb.
     0 | D:1      | Reached XP level 1. HP: 21/21 MP: 1/1
   181 | D:1      | Reached XP level 2. HP: 27/28 MP: 2/2
   433 | D:1      | Reached skill level 3 in Long Blades
   478 | D:1      | Reached XP level 3. HP: 31/34 MP: 3/3
   920 | D:2      | Found a faded altar of an unknown god.
   974 | D:2      | Noticed a scorpion
   992 | D:2      | Killed a scorpion
   992 | D:2      | Reached skill level 4 in Long Blades
   992 | D:2      | Reached skill level 3 in Shields
   992 | D:2      | Reached XP level 4. HP: 31/42 MP: 4/4
  1072 | D:2      | Found an iron altar of Okawaru.
  1116 | D:2      | Became a worshipper of Warmaster Okawaru
  1190 | D:2      | Found a shimmering altar of Xom.
  1298 | D:2      | Found a white marble altar of Elyvilon.
  1416 | D:3      | Reached XP level 5. HP: 35/49 MP: 5/5
  1577 | D:3      | Found a deep blue altar of Sif Muna.
  1654 | D:3      | Found a bloodstained altar of Trog.
  1654 | D:3      | Found a shadowy altar of Dithmenos.
  2121 | D:3      | Found a sacrificial altar of Ru.
  2362 | D:4      | Reached skill level 1 in Invocations
  2378 | D:4      | Found a runed translucent door.
  2380 | D:4      | Noticed silentkaos13's ghost (amateur OpTm)
  2389 | D:4      | Reached XP level 6. HP: 53/56 MP: 6/6
  2432 | D:4      | Reached skill level 5 in Long Blades
  2551 | D:4      | Got a faintly glowing trident
  2552 | D:4      | Identified the +7 trident of Jin Gabbuh {pierce, rPois rN+
                  | Str-4 Int+5} (You found it on level 4 of the Dungeon)
  2739 | D:4      | Reached * piety under Okawaru
  3298 | D:4      | Noticed a phantom
  3330 | D:4      | Killed a phantom
  3330 | D:4      | Reached skill level 2 in Invocations
  3330 | D:4      | Reached XP level 7. HP: 41/62 MP: 8/8
  3611 | D:5      | Entered Level 5 of the Dungeon
  3703 | D:5      | Reached skill level 4 in Shields
  3720 | D:5      | Reached skill level 6 in Long Blades
  3754 | D:5      | Found a shattered altar of Ashenzari.
  3771 | D:5      | Found an ornate altar of the Wu Jian Council.
  3823 | D:5      | HP: 3/62 [ogre/+0 giant club (11)]
  3824 | D:5      | Slain by an ogre

Vanquished Creatures
  A phantom (D:4)
  A sky beast (D:5)
  A scorpion (D:2)
  A hound (D:5)
  An orc priest (D:4)
  An orc wizard (D:4)
  A bullfrog skeleton (D:5)
  4 worker ants (D:4)
  A hound skeleton (D:5)
  A worker ant zombie (D:5)
  4 adders (D:3)
  4 oozes
  2 worms
  4 leopard geckos
  8 orcs
  A giant cockroach (D:2)
  12 goblins
  5 hobgoblins
  6 jackals
  7 kobolds
  2 quokkas
  3 ball pythons
  5 bats
  3 frilled lizards
  A leopard gecko skeleton (D:4)
  5 rats
85 creatures vanquished.
